[Event "Late-Titled-Tuesday-Blitz-September-26-2023"]
[Site "Chess.com"]
[Date "2023.09.26"]
[Round "6"]
[White "K_alena13"]
[Black "micke12a"]
[Result "0-1"]
[WhiteElo "2154"]
[BlackElo "2347"]
[TimeControl "180+1"]
[EndTime "15:03:56 PDT"]
[Termination "micke12a won on time"]

1. Nf3 Nf6 2. c4 g6 3. Nc3 Bg7 4. e4 e5 5. d4 exd4 6. Nxd4 O-O 7. Be2 c6 8. O-O d5 9. cxd5 cxd5 10. e5 Ne4 11. f4 Nxc3 12. bxc3 Nc6 13. Be3 f6 14. exf6 Bxf6 15. Bg4 Nxd4 16. Bxd4 Bxg4 17. Qxg4 Bxd4+ 18. cxd4 Qf6 19. f5 g5 20. Rae1 Rae8 21. Re5 Rxe5 22.
dxe5 Qxe5 23. Qxg5+ Kh8 24. h4 d4 25. f6 Qxg5 26.
hxg5 Kg8 27. Rd1 Rd8 28. Kf2 Kf7 29. Kf3 Kg6 30. Kf4 Rd5 31. Rd3 Rf5+ 32. Ke4 Rxg5 33. Kxd4 Kxf6 34. Rd2 Ke6 35. Kc4 h5 36. Kb4 b6 37.
Kc4 a5 38. a4 Rc5+ 39. Kb3 Rd5 40. Re2+ Kf5 41. Rf2+ Kg4 42. Rc2 h4 43. Rc6 b5 44.
axb5 Rxb5+ 45. Kc4 Rb4+ 46. Kc3 Kg3 47. Ra6 Kxg2 48. Rxa5 Rg4 49. Kd3 h3 50. Ra2+ Kg3 51. Ra7 h2 52. Rh7 Kg2 0-1

[Event "Late-Titled-Tuesday-Blitz-September-26-2023"]
[Site "Chess.com"]
[Date "2023.09.26"]
[Round "6"]
[White "SlipperySpeedster"]
[Black "schack_vit"]
[Result "1-0"]
[WhiteElo "2630"]
[BlackElo "2471"]
[TimeControl "180+1"]
[EndTime "15:03:59 PDT"]
[Termination "SlipperySpeedster won by resignation"]

1. Nf3 c5 2. c3 d5 3. d4 Nf6 4. Bf4 Nc6 5. Nbd2 Bf5 6. e3 e6 7.
Bb5 Qb6 8. Qa4 Nd7 9. O-O Be7 10. c4 cxd4 11. exd4 O-O 12. c5 Qd8 13. Bxc6 bxc6 14.
Qxc6 Bf6 15. Qa4 Nb8 16. c6 Qc8 17. Rac1 a6 18. Ne5 Qe8 19. Rfe1 Bxe5 20. Bxe5 Bd3 21.
Qb3 Bb5 22. c7 Nc6 23. a4 Nxe5 24. axb5 Nc4 25. b6 Nxd2 26. Qb4 a5 27. Qxd2 Qb5 28. Rc5 Qxb6 29. Rec1 Rfc8 30. Qc2 g6 31. Qc3 Kg7 32. h4 Ra7 33. h5 h6 34. hxg6 fxg6 35. Qe3 Rcxc7 36.
Qe5+ 1-0

[Event "Late-Titled-Tuesday-Blitz-September-26-2023"]
[Site "Chess.com"]
[Date "2023.09.26"]
[Round "6"]
[White "bylavochka"]
[Black "GoltsevDmitry2000"]
[Result "0-1"]
[WhiteElo "2295"]
[BlackElo "2610"]
[TimeControl "180+1"]
[EndTime "15:03:59 PDT"]
[Termination "GoltsevDmitry2000 won by checkmate"]

1. e4 e6 2. d4 d5 3. exd5 exd5 4. Nf3 Nf6 5. Be2 c5 6. O-O Bd6 7. dxc5 Bxc5 8. Nbd2 O-O 9. Nb3 Bb6 10. Bg5 Bg4 11. Nfd4 Bxe2 12. Qxe2 Nc6 13. Rad1 h6 14. Bh4 Re8 15. Qf3 Ne5 16. Qf5 g5 17. Bg3 Ng6 18. Qd3 Kh7 19. h4 gxh4 20. Bxh4 Re4 21. Bg3 Qd7 22.
Nf3 Rg8 23. Rfe1 Qg4 24. Nh2 Qg5 25. Qf3 Nh5 26. Nf1 Rg7 27. c3 a6 28. Rxd5 Qxd5 29.
Qxe4 Qg5 30. Nd4 Nf6 31. Qxb7 Nd5 32. Ne3 Ngf4 33. Nef5 Rg8 34. Qxf7+ Kh8 35. Bxf4 Qxg2# 0-1

[Event "Late-Titled-Tuesday-Blitz-September-26-2023"]
[Site "Chess.com"]
[Date "2023.09.26"]
[Round "6"]
[White "ValeriyGrinev"]
[Black "Fandorine"]
[Result "1/2-1/2"]
[WhiteElo "2580"]
[BlackElo "2939"]
[TimeControl "180+1"]
[EndTime "15:04:00 PDT"]
[Termination "Game drawn by repetition"]

1. d4 Nf6 2. c4 e6 3. Nc3 d5 4. cxd5 exd5 5. Bg5 c6 6. e3 Be7 7. Bd3 h6 8. Bh4 O-O 9. Qc2 Re8 10. Nf3 Ne4 11. Bxe7 Qxe7 12. O-O Nd7 13. b4 a6 14. a4 Ndf6 15. b5 axb5 16. axb5 Bd7 17. bxc6 bxc6 18. Bxe4 dxe4 19. Ne5 Rxa1 20. Rxa1 c5 21. Nxd7 Nxd7 22.
Ne2 cxd4 23. Nxd4 Nc5 24. h3 Nd3 25. Qc6 Rb8 26. Ra8 Rxa8 27. Qxa8+ Kh7 28. Qd5 g6 29. Ne2 Qf6 30. f4 exf3 31. Qxd3 Qa1+ 32. Kf2 fxe2 33. Qxe2 Kg7 34. Qc4 Qf6+ 35. Ke2 Qg5 36.
Kf3 Qf5+ 37. Ke2 h5 38. Qd4+ Kg8 39. Qd8+ Kh7 40. Qd4 Qc2+ 41. Kf3 Qf5+ 42. Ke2 Qg5 43. Kf3 Qf5+ 44. Ke2 1/2-1/2

[Event "Late-Titled-Tuesday-Blitz-September-26-2023"]
[Site "Chess.com"]
[Date "2023.09.26"]
[Round "6"]
[White "ErikRonka"]
[Black "carloseduar100"]
[Result "1-0"]
[WhiteElo "2497"]
[BlackElo "2321"]
[TimeControl "180+1"]
[EndTime "15:04:00 PDT"]
[Termination "ErikRonka won on time"]

1. e4 e6 2. d4 d5 3. exd5 exd5 4. Nf3 Bd6 5. c4 Nc6 6. cxd5 Nce7 7. Nc3 Nf6 8. Qb3 Nexd5 9. Bc4 Nxc3 10. bxc3 O-O 11. O-O c6 12. Bg5 h6 13. Bh4 b5 14. Bd3 Be6 15.
Qc2 Bd5 16. Ne5 Re8 17. f4 a6 18. Rae1 c5 19. Qf2 cxd4 20. cxd4 Rc8 21. Qg3 Be7 22. Bb1 Nd7 23. Qd3 Nf8 24. Bxe7 Rxe7 25. f5 f6 26. Qg3 fxe5 27. dxe5 Bc4 28. f6 Rf7 29. Rf3 Qd4+ 30.
Kh1 1-0

[Event "Late-Titled-Tuesday-Blitz-September-26-2023"]
[Site "Chess.com"]
[Date "2023.09.26"]
[Round "6"]
[White "rikchessmx"]
[Black "RonArtest77"]
[Result "0-1"]
[WhiteElo "2354"]
[BlackElo "2495"]
[TimeControl "180+1"]
[EndTime "15:04:00 PDT"]
[Termination "RonArtest77 won by checkmate"]

1. e4 g6 2. d4 Bg7 3. Nc3 d6 4.
f3 a6 5. Be3 Nd7 6. Qd2 b5 7.
h4 h6 8. g4 Bb7 9. Nh3 Rc8 10. Nf2 c5 11. Bg2 Nb6 12. b3 Qc7 13. Ne2 cxd4 14. Bxd4 e5 15. Bxb6 Qxb6 16. c3 Ne7 17. h5 d5 18. hxg6 fxg6 19. g5 h5 20. O-O-O Qxf2 21. Bh3 Rc7 22. Rdf1 Qc5 23. Kb1 Bc8 24.
Bxc8 Rxc8 25. Rc1 O-O 26. exd5 Qxd5 27. Qe3 Rxf3 28. Qa7 Qe4+ 29. Rc2 Nf5 30. Rc1 Ne3 31. Qxa6 Rcf8 32. Qxb5 Nxc2 33. Rxc2 h4 34. Kb2 h3 35. Ng1 Rf2 36. Ne2 h2 37. Ng3 Qxc2+ 38. Ka3 Ra8+ 39. Kb4 Rf4+ 40. c4 Qd2+ 41. Kc5 Bf8+ 42. Kc6 Qd6+ 43. Kb7 Rb8+ 44. Ka7 Rxb5 45. cxb5 Qc7+ 46. Ka6 Bc5 47. b6 Qxb6# 0-1

[Event "Late-Titled-Tuesday-Blitz-September-26-2023"]
[Site "Chess.com"]
[Date "2023.09.26"]
[Round "6"]
[White "leoduarte"]
[Black "GMJustin"]
[Result "1-0"]
[WhiteElo "2478"]
[BlackElo "2217"]
[TimeControl "180+1"]
[EndTime "15:04:01 PDT"]
[Termination "leoduarte won on time"]

1. d4 Nf6 2. Nf3 Ne4 3. g3 c5 4. Bg2 d5 5. O-O Nc6 6. dxc5 e6 7. Nbd2 Nxc5 8. c4 d4 9. a3 a5 10. b3 Be7 11. Qc2 O-O 12. Bb2 e5 13. Rfd1 Bg4 14. Ne4 Ne6 15. c5 f5 16. Nd6 Bxd6 17. cxd6 Qxd6 18.
h3 Bh5 19. Nd2 Bxe2 20. Re1 d3 21. Qc3 Ncd4 22. Nc4 Qc7 23. Rac1 Rac8 24. Qxa5 Qxa5 25. Nxa5 d2 26. Rcd1 dxe1=Q+ 27. Rxe1 Nf3+ 28. Bxf3 Bxf3 29. Nc4 Nd4 30. Nxe5 1-0

[Event "Late-Titled-Tuesday-Blitz-September-26-2023"]
[Site "Chess.com"]
[Date "2023.09.26"]
[Round "6"]
[White "Roedor"]
[Black "ukchessbomber"]
[Result "0-1"]
[WhiteElo "2386"]
[BlackElo "2671"]
[TimeControl "180+1"]
[EndTime "15:04:02 PDT"]
[Termination "ukchessbomber won by resignation"]

1. d4 b5 2. a4 b4 3. e4 Bb7 4. Bd3 e6 5. Nf3 d6 6. O-O Nd7 7. c3 bxc3 8. Nxc3 Be7 9. Re1 Ngf6 10. a5 a6 11. Bg5 O-O 12. Qd2 c5 13. d5 e5 14. Reb1 Nh5 15. Bxe7 Qxe7 16. b4 cxb4 17.
Rxb4 Nc5 18. Rab1 Nf4 19. Bf1 f5 20. exf5 Rxf5 21. g3 Ng6 22. Bg2 Raf8 23. Qd1 Bc8 24. Ne4 R5f7 25. Nxc5 dxc5 26. Re4 Bf5 27. Rxe5 Nxe5 28.
d6 Nxf3+ 29. Bxf3 Qf6 30. Rb6 Bc2 31. Qxc2 Qxf3 32. Qxc5 Qxf2+ 33. Qxf2 Rxf2 34. d7 Rf1+ 35. Kg2 Rd1 36. Rb7 Rd8 37. Ra7 R1xd7 38. Rxa6 Rd2+ 39. Kh3 Ra2 40. Ra7 Rd5 41. a6 Rda5 42. Kg4 Rxa6 43. Rb7 R2a4+ 44. Kf5 R4a5+ 45. Kg4 Rg6+ 46. Kh4 Rh6+ 47.
Kg4 Ra4+ 48. Kg5 Ra8 49. h4 Rg6+ 50. Kf4 Rf8+ 51. Ke3 Rxg3+ 0-1

[Event "Late-Titled-Tuesday-Blitz-September-26-2023"]
[Site "Chess.com"]
[Date "2023.09.26"]
[Round "6"]
[White "elpatodice"]
[Black "Sulthankan"]
[Result "0-1"]
[WhiteElo "2445"]
[BlackElo "2344"]
[TimeControl "180+1"]
[EndTime "15:04:02 PDT"]
[Termination "Sulthankan won by checkmate"]

1. e4 c6 2. d4 g6 3. Nf3 Bg7 4. c3 d5 5. e5 Nh6 6. Bd3 O-O 7. O-O f6 8. Re1 Bf5 9. Bxh6 Bxh6 10. Bxf5 gxf5 11.
e6 Bg5 12. Nxg5 fxg5 13. Qh5 g4 14. Qg5+ Kh8 15. Re5 Na6 16. Nd2 Nc7 17. Rae1 Qd6 18. Rxf5 Nxe6 19. Qxg4 Ng7 20. Rg5 Rf4 21. Qe2 h6 22.
Re5 Raf8 23. f3 e6 24. g3 R4f6 25. f4 Rg6 26. Kh1 h5 27. Nf3 Rh6 28. Nh4 Qd8 29. Qd3 Qf6 30. Rg5 Rf7 31. Ree5 Qd8 32. Rxh5 Nxh5 33. f5 Nxg3+ 34. hxg3 Rxh4+ 35. gxh4 Qxh4+ 36. Kg2 Rg7+ 37. Kf1 Qh1+ 38. Ke2 Rg2+ 39. Kf3 Qh3+ 40. Kf4 Rg4# 0-1

[Event "Late-Titled-Tuesday-Blitz-September-26-2023"]
[Site "Chess.com"]
[Date "2023.09.26"]
[Round "6"]
[White "OparinGrigoriy"]
[Black "realmadridfc123"]
[Result "1-0"]
[WhiteElo "2981"]
[BlackElo "2786"]
[TimeControl "180+1"]
[EndTime "15:04:03 PDT"]
[Termination "OparinGrigoriy won by resignation"]

1. d4 d5 2. c4 e6 3. Nc3 Nf6 4. cxd5 exd5 5. Bg5 c6 6. e3 Bf5 7. Qf3 Bg6 8. Bxf6 Qxf6 9. Qxf6 gxf6 10. Nf3 Nd7 11.
Nh4 Nb6 12. f4 Be4 13. Nxe4 dxe4 14. Nf5 O-O-O 15. O-O-O h5 16. g3 Re8 17. a3 Kc7 18. Kd2 a5 19. Rc1 Nc8 20. Bh3 Nd6 21. Ke2 h4 22. Nxd6 Bxd6 23. g4 Rhg8 24. d5 c5 25.
a4 b5 26. axb5 Rb8 27. Rc4 Rxb5 28. Rxe4 Rxb2+ 29. Kf3 Ra8 30. Ra4 Rd2 31. Bf1 Rxd5 32. Bc4 Rd2 33. Bxf7 h3 34. Ke4 Rf8 35. Be6 Ra8 36.
Kf5 Re2 37. e4 Rf2 38. Kxf6 Rxf4+ 39. Bf5 Rf2 40. e5 Rf8+ 41. Kg7 Be7 42. Rxa5 Kb6 43.
Ra3 R8xf5 44. gxf5 Rxf5 45. e6 c4 46. Rxh3 Kc6 47. Rd1 Rf6 48. Re3 Rf2 49. h3 Bd6 50. e7 Rg2+ 51. Kf7 1-0

[Event "Late-Titled-Tuesday-Blitz-September-26-2023"]
[Site "Chess.com"]
[Date "2023.09.26"]
[Round "6"]
[White "YouShallNotPass001"]
[Black "Cambek64"]
[Result "1/2-1/2"]
[WhiteElo "2342"]
[BlackElo "2464"]
[TimeControl "180+1"]
[EndTime "15:04:04 PDT"]
[Termination "Game drawn by repetition"]

1. Nf3 c5 2. e3 Nc6 3. Be2 d5 4. O-O e5 5. d4 e4 6. Ne5 Nxe5 7.
dxe5 a6 8. c4 Be6 9. Nc3 dxc4 10. Nxe4 Be7 11. Qc2 Qd5 12. Rd1 Qxe5 13. Bxc4 Bxc4 14.
Qxc4 Nf6 15. Nxf6+ Qxf6 16. e4 O-O 17. Be3 Rfd8 18.
Qc2 h6 19. Rd5 Rxd5 20. exd5 Rd8 21. Rd1 Bd6 22. Qb3 b5 23. a4 c4 24. Qa2 Be5 25.
axb5 axb5 26. Qa5 Bxb2 27. Qxb5 c3 28. Qc4 Qf5 29. g4 Qc8 30. Qxc8 Rxc8 31. Bc1 c2 32. Re1 Bxc1 33. Rxc1 Kf8 34. Kf1 Ke7 35. Ke2 Kd6 36.
Kd3 Kxd5 37. f3 g5 38. Rxc2 Rxc2 39. Kxc2 Ke5 40. Kd2 f5 41. Ke3 fxg4 42. fxg4 Kd5 43.
Kd3 Ke5 44. Ke3 Kd5 45. Kd3 Ke5 46. Ke3 1/2-1/2

[Event "Late-Titled-Tuesday-Blitz-September-26-2023"]
[Site "Chess.com"]
[Date "2023.09.26"]
[Round "6"]
[White "miraitrunks"]
[Black "Dubs123"]
[Result "0-1"]
[WhiteElo "2157"]
[BlackElo "2359"]
[TimeControl "180+1"]
[EndTime "15:04:04 PDT"]
[Termination "Dubs123 won by resignation"]

1. e4 c5 2. Nc3 a6 3. a4 e6 4.
Nge2 Nc6 5. g3 g6 6. Bg2 Bg7 7. O-O d6 8. d3 Nge7 9. Be3 O-O 10. Qd2 b6 11. Bh6 Bb7 12. Bxg7 Kxg7 13. f4 f5 14. Rae1 d5 15. exf5 Nxf5 16. g4 Nh4 17. Bh1 Qf6 18. Ng3 Rae8 19. Qf2 Nd4 20. f5 exf5 21. gxf5 Nhxf5 22. Bxd5 Bxd5 23. Nxd5 Qc6 24. Rxe8 Rxe8 25. Qg2 Nxg3 26. hxg3 Re2 27. Rf2 Rxf2 28. Kxf2 Nxc2 29. Qe4 Qd6 30. Kg2 Qxd5 31. Kf3 Nd4+ 32. Ke3 Nf5+ 33. Kf4 Qxe4+ 34. dxe4 Nd4 35. e5 Kf7 36. Ke4 Ke6 37. g4 Nc6 38. b3 Nxe5 0-1

[Event "Late-Titled-Tuesday-Blitz-September-26-2023"]
[Site "Chess.com"]
[Date "2023.09.26"]
[Round "6"]
[White "Nor1lsk"]
[Black "BillieKimbah"]
[Result "0-1"]
[WhiteElo "2753"]
[BlackElo "2978"]
[TimeControl "180+1"]
[EndTime "15:04:05 PDT"]
[Termination "BillieKimbah won on time"]

1. e4 c5 2. d3 e6 3. g3 d5 4. Nd2 Nc6 5. Bg2 Nf6 6. f4 Be7 7. e5 Nd7 8. Ne2 b5 9. Nf3 O-O 10. c3 a5 11. Be3 Ba6 12. O-O b4 13. Re1 a4 14. Bf2 a3 15. b3 bxc3 16. Nxc3 Nb4 17. Bf1 Qa5 18. Qd2 Rfc8 19. Rac1 Qd8 20. g4 c4 21.
bxc4 dxc4 22. d4 Nd3 23. f5 Nxc1 24. Rxc1 Bb7 25. Qf4 Nb6 26. Ne4 Nd5 27. Qg3 Nb4 28.
Re1 Nd3 29. Bxd3 cxd3 30. Qf4 Bxe4 31. Rxe4 Rc2 32. d5 exd5 33. Rd4 Rxf2 34. Kxf2 Bc5 35. Ke3 h6 36. f6 Bxd4+ 37. Qxd4 Rb8 38. fxg7 Qb6 0-1

[Event "Late-Titled-Tuesday-Blitz-September-26-2023"]
[Site "Chess.com"]
[Date "2023.09.26"]
[Round "6"]
[White "JoakimVonAnd"]
[Black "zajka-molotok"]
[Result "1-0"]
[WhiteElo "2728"]
[BlackElo "2555"]
[TimeControl "180+1"]
[EndTime "15:04:06 PDT"]
[Termination "JoakimVonAnd won on time"]

1. c4 e5 2. d4 exd4 3. Nf3 c5 4. e3 dxe3 5. Bxe3 Nf6 6. Nc3 Be7 7. h3 O-O 8. Be2 Nc6 9. O-O d6 10. Qd2 Be6 11.
Rad1 Qa5 12. Bf4 Rad8 13. Rfe1 Rfe8 14. Bf1 Bf8 15. b3 h6 16. Bg3 a6 17. Re3 Ne7 18.
Rd3 Nf5 19. Bh2 Qb6 20. g4 Ne7 21. Rxd6 Rxd6 22. Qxd6 Nc6 23. Qc7 Qxc7 24. Bxc7 Rc8 25. Bg3 Be7 26. Bg2 Rd8 27. Rxd8+ Bxd8 28. Ne5 Nxe5 29. Bxe5 b6 30. Na4 Nd7 31. Bd6 f5 32. Bb7 a5 33. f3 Kf7 34. Kf2 g5 35. Bc6 fxg4 36. hxg4 Kg6 37. Nc3 Nf6 38. Be5 h5 39.
gxh5+ Nxh5 40. Nd5 Nf6 41. Bxf6 Bxd5 42. Bxd8 Bxc6 43. Bxb6 a4 44. Bxc5 axb3 45. axb3 Kf5 46. Be3 g4 47. f4 Ke4 48. b4 Kd3 49. c5 g3+ 50. Kxg3 Kxe3 51. f5 Ke4 52. f6 Ke5 53. f7 1-0

[Event "Late-Titled-Tuesday-Blitz-September-26-2023"]
[Site "Chess.com"]
[Date "2023.09.26"]
[Round "6"]
[White "jup1978"]
[Black "Zampronha1971"]
[Result "0-1"]
[WhiteElo "2443"]
[BlackElo "2293"]
[TimeControl "180+1"]
[EndTime "15:04:06 PDT"]
[Termination "Zampronha1971 won on time"]

1. d4 Nf6 2. Nf3 e6 3. g3 d5 4.
Bg2 Be7 5. c4 c6 6. O-O O-O 7. Nc3 Nbd7 8. Qd3 b6 9. e4 Ba6 10.
b3 Rc8 11. e5 Ne8 12. Rd1 c5 13. dxc5 bxc5 14. Qd2 d4 15. Ne4 Bb7 16. Qf4 Qc7 17.
h4 h6 18. g4 a5 19. g5 h5 20. Nf6+ gxf6 21. gxf6 Bxf6 22. Qh6 Nxe5 23. Nxe5 Bxg2 24.
Kxg2 Qxe5 25. Bf4 Qf5 26. Kh2 e5 27. Rg1+ Bg7 28. Bd2 Qxf2+ 29. Rg2 Qxh4+ 30. Kg1 Qf6 31. Qxh5 Rc6 32. Rf1 Qe7 33. Rf3 Rg6 34. Rfg3 Rxg3 35. Rxg3 f5 36. Bh6 Rf7 37. Qg6 e4 38. Rh3 e3 39.
Bg5 e2 0-1

[Event "Late-Titled-Tuesday-Blitz-September-26-2023"]
[Site "Chess.com"]
[Date "2023.09.26"]
[Round "6"]
[White "YEIKO2017"]
[Black "Rodalquilar"]
[Result "1-0"]
[WhiteElo "2481"]
[BlackElo "2724"]
[TimeControl "180+1"]
[EndTime "15:04:07 PDT"]
[Termination "YEIKO2017 won by checkmate"]

1. e4 d5 2. exd5 Qxd5 3. Nc3 Qa5 4. b4 Qxb4 5. Rb1 Qd6 6. Nf3 Qd8 7. d4 c6 8. Bd3 Nf6 9. O-O e6 10. Ne4 Nbd7 11. c4 Be7 12. Rb3 O-O 13. Bf4 Nxe4 14.
Bxe4 Nf6 15. Bc2 c5 16. Rd3 cxd4 17. Rxd4 Qa5 18. Ne5 Rd8 19. Rxd8+ Qxd8 20. Qf3 Qa5 21. Rd1 Qxa2 22. Qd3 Qa3 23. Qxa3 Bxa3 24. Rd8+ Bf8 25. c5 Nd5 26. Bc1 f6 27. Nc4 Nb4 28. Bxh7+ Kf7 29. Nd6+ Bxd6 30. cxd6 Nc6 31. Rh8 Rb8 32. Bg8+ Kg6 33.
Bh7+ Kf7 34. Bg8+ Kg6 35. Bh7+ Kh5 36. Be4+ Kg4 37. h3# 1-0

[Event "Late-Titled-Tuesday-Blitz-September-26-2023"]
[Site "Chess.com"]
[Date "2023.09.26"]
[Round "6"]
[White "AlexandraBotez"]
[Black "Cmorales2001"]
[Result "0-1"]
[WhiteElo "2220"]
[BlackElo "2428"]
[TimeControl "180+1"]
[EndTime "15:04:08 PDT"]
[Termination "Cmorales2001 won on time"]

1. d4 Nf6 2. c4 e6 3. Nf3 d5 4. Nc3 Be7 5. Bd2 a6 6. e3 Nbd7 7. cxd5 exd5 8. Bd3 O-O 9. O-O Re8 10. Rc1 c5 11. Bb1 b5 12. dxc5 Nxc5 13. Ne2 Bb7 14. Ned4 Bf8 15. Bb4 Rc8 16. Bxc5 Bxc5 17. Qd3 g6 18. h3 Qe7 19. Nb3 Bb6 20. Nbd2 Rcd8 21. Nd4 Ne4 22. a3 Rd6 23. b4 Rf6 24. N2f3 Qd7 25.
Qe2 Rd6 26. Rfd1 Qe7 27. Nb3 Re6 28. Nfd4 Rf6 29. Rf1 Bc8 30. Bxe4 Qxe4 31. Qc2 Qh4 32. Nf3 Rxf3 33. Qxc8 Rxc8 34. Rxc8+ Kg7 35. gxf3 Qxh3 36.
Rfc1 Qxf3 37. Nd4 Qg4+ 38. Kf1 h5 0-1

[Event "Late-Titled-Tuesday-Blitz-September-26-2023"]
[Site "Chess.com"]
[Date "2023.09.26"]
[Round "6"]
[White "venturov"]
[Black "Alex_Banzea"]
[Result "1-0"]
[WhiteElo "2489"]
[BlackElo "2620"]
[TimeControl "180+1"]
[EndTime "15:04:11 PDT"]
[Termination "venturov won by resignation"]

1. e4 c6 2. d4 d5 3. e5 c5 4. dxc5 Nc6 5. Nf3 Bg4 6. c3 a6 7.
Nbd2 Nxe5 8. Qa4+ Bd7 9. Qc2 Nc6 10.
b4 g6 11. Bb2 Bg7 12. a3 Nf6 13. c4 O-O 14. cxd5 Bf5 15. Bd3 Bxd3 16. Qxd3 Qxd5 17. Qxd5 Nxd5 18. Bxg7 Kxg7 19. O-O Rad8 20. Nc4 Nc3 21. Rfe1 Nb5 22. Rad1 Nc3 23. Rc1 Nb5 24. Kf1 Rd3 25.
Red1 Rfd8 26. Rxd3 Rxd3 27. a4 Nc7 28. Nfe5 Nxe5 29.
Nxe5 Rb3 30. c6 b5 31. axb5 axb5 32. Rd1 f6 33. Nd3 Na6 34. Nc5 Rc3 35. Nxa6 Rxc6 36. Nc5 Kf7 37. Rd7 Rd6 38. Rxd6 exd6 39. Nb3 Ke6 40.
Nd4+ Kd5 41. Nxb5 Kc4 42. Nxd6+ Kxb4 43. Ne8 1-0

[Event "Late-Titled-Tuesday-Blitz-September-26-2023"]
[Site "Chess.com"]
[Date "2023.09.26"]
[Round "6"]
[White "Good_Knight_Kiss"]
[Black "rose107"]
[Result "1-0"]
[WhiteElo "2426"]
[BlackElo "2126"]
[TimeControl "180+1"]
[EndTime "15:04:12 PDT"]
[Termination "Good_Knight_Kiss won by resignation"]

1. e4 c5 2. Nf3 Nc6 3. d4 cxd4 4. Nxd4 Nf6 5. Nc3 e5 6. Ndb5 d6 7.
Nd5 Nxd5 8. exd5 Nb8 9. c4 Be7 10. Bd3 Nd7 11. O-O a6 12. Nc3 O-O 13. Be3 f5 14. f3 Bg5 15. Bf2 b6 16. b4 Qf6 17.
Qc2 Bb7 18. Rad1 Rac8 19. Qb3 b5 20. cxb5 e4 21. Bc4 e3 22. Bg3 Nb6 23. bxa6 Nxc4 24. axb7 Rc7 25. f4 Nd2 26. fxg5 Rxc3 27. gxf6 Nxb3 28.
axb3 e2 29. Bxd6 exf1=Q+ 30. Kxf1 Rd8 31. b8=Q Rxb8 32. Bxb8 Rxb3 33. Bd6 gxf6 34. Bc5 Kf7 35. d6 Ke8 36. d7+ Kf7 37. d8=Q f4 38. Qd5+ Kg7 39. Qxb3 1-0

[Event "Late-Titled-Tuesday-Blitz-September-26-2023"]
[Site "Chess.com"]
[Date "2023.09.26"]
[Round "6"]
[White "midedu"]
[Black "PapaieDudu"]
[Result "1-0"]
[WhiteElo "2045"]
[BlackElo "2405"]
[TimeControl "180+1"]
[EndTime "15:04:15 PDT"]
[Termination "midedu won by checkmate"]

1. e4 c5 2. Nc3 e6 3. g3 d5 4.
exd5 exd5 5. d4 Nc6 6. Nge2 Bg4 7. Be3 Bf3 8. Rg1 Qb6 9. Na4 Qa5+ 10. c3 Rd8 11.
Bg2 Bxe2 12. Kxe2 Qb5+ 13. Kf3 b6 14. Re1 Be7 15. Qb3 Qa5 16. dxc5 Ne5+ 17. Ke2 Qa6+ 18. Kd1 Nc4 19. cxb6 Qxa4 20. Qxa4+ Kf8 21. Kc2 Nf6 22.
bxa7 Ra8 23. Bd4 h5 24. b3 Nd6 25. Qa6 Rh6 26. Rxe7 Kxe7 27. Re1+ Nfe4 28. Bxe4 Nxe4 29. Qb7+ Kf8 30. Qxa8+ Ke7 31. Qxd5 Re6 32. a8=Q Nd6 33. Qa7+ Kf8 34. Rxe6 Ne8 35. Rxe8+ Kxe8 36. Qdxf7+ Kd8 37. Qfd7# 1-0

[Event "Late-Titled-Tuesday-Blitz-September-26-2023"]
[Site "Chess.com"]
[Date "2023.09.26"]
[Round "6"]
[White "Andrej2004"]
[Black "Mops_2004"]
[Result "1-0"]
[WhiteElo "2584"]
[BlackElo "2764"]
[TimeControl "180+1"]
[EndTime "15:04:16 PDT"]
[Termination "Andrej2004 won by resignation"]

1. Nf3 g6 2. c4 Bg7 3. g3 Nf6 4. Bg2 O-O 5. O-O d6 6. d3 e5 7. Nc3 Nc6 8. Rb1 a5 9. Nd5 Nxd5 10. cxd5 Nb4 11. Qb3 c6 12. dxc6 Be6 13. Qa4 Nxc6 14.
Be3 Qd7 15. Rfc1 Nd4 16. Qxd7 Bxd7 17. Nxd4 exd4 18. Bf4 Rfe8 19. Kf1 Bg4 20. Rc2 Be5 21. Bxb7 Rab8 22. Bg2 Be6 23. b3 a4 24. b4 a3 25.
b5 Rb6 26. Bc1 Re7 27. f4 Bf6 28. Bc6 Ra7 29. Bd2 h5 30. Bb4 Be7 31. Ke1 h4 32.
Kf2 hxg3+ 33. hxg3 Kg7 34. Kf3 Bf5 35. Rb3 Bd7 36.
Rxa3 Rxa3 37. Bxa3 Be6 38. Bb4 Rb8 39. Ba5 g5 40. Bc7 Bf6 41. Bxb8 1-0

[Event "Late-Titled-Tuesday-Blitz-September-26-2023"]
[Site "Chess.com"]
[Date "2023.09.26"]
[Round "6"]
[White "KaydenTroffChess"]
[Black "Kostukov_Alex"]
[Result "1-0"]
[WhiteElo "2764"]
[BlackElo "2409"]
[TimeControl "180+1"]
[EndTime "15:04:17 PDT"]
[Termination "KaydenTroffChess won on time"]

1. d4 g6 2. c4 Bg7 3. Nc3 d6 4.
e4 e5 5. dxe5 dxe5 6. Qxd8+ Kxd8 7. Be3 Be6 8. Nf3 f6 9. Be2 Nd7 10. O-O Bh6 11. Bxh6 Nxh6 12. Rfd1 c6 13. b4 Ke7 14. Rab1 a5 15. bxa5 Nc5 16. a6 Rxa6 17. Nd5+ cxd5 18. cxd5 Bc8 19. Bxa6 Nxa6 20. Rb6 Nf7 21.
d6+ Kd7 22. Nd2 Rd8 23. Nc4 Nc5 24. Rb5 Nxe4 25. Nb6+ Kc6 26. Rb4 Nc5 27. Rc1 Kxd6 28. Rbc4 Be6 29. Rxc5 Bxa2 30. R5c2 Be6 31. Rd1+ Ke7 32.
Rc7+ Ke8 33. Rxd8+ Kxd8 34. Rxb7 Ke8 35. f3 h5 36. Rb8+ Ke7 37. h4 g5 38. hxg5 fxg5 39. Na4 Kf6 40. Nc5 Bc4 41. Rb6+ Kf5 42. Ne4 Kf4 43. Kf2 1-0

[Event "Late-Titled-Tuesday-Blitz-September-26-2023"]
[Site "Chess.com"]
[Date "2023.09.26"]
[Round "6"]
[White "vanyakuba"]
[Black "NigelDwarf"]
[Result "1-0"]
[WhiteElo "2395"]
[BlackElo "2534"]
[TimeControl "180+1"]
[EndTime "15:04:19 PDT"]
[Termination "vanyakuba won by resignation"]

1. e4 c5 2. c3 Nf6 3. e5 Nd5 4. g3 Nc6 5. Bg2 e6 6. Nf3 d6 7.
exd6 Bxd6 8. d4 O-O 9. O-O b6 10. c4 Nde7 11. Nc3 Bb7 12. d5 exd5 13. cxd5 Nb4 14.
Ng5 h6 15. Nge4 Nbxd5 16. Qh5 Nxc3 17. bxc3 Ng6 18. Rd1 Bxe4 19. Bxe4 Rc8 20. Bxg6 fxg6 21. Qd5+ Kh7 22. Qxd6 Qe8 23. Be3 Qe4 24. Qd5 Qg4 25. Qg2 Rce8 26. h3 Qf5 27. Qd5 Qf6 28. Rac1 Re5 29.
Qg2 g5 30. c4 h5 31. Rd5 Rxd5 32. cxd5 g4 33. hxg4 hxg4 34. Rd1 Rd8 35. Bf4 c4 36.
Qe4+ Qg6 37. Qxg6+ Kxg6 38. d6 b5 39. d7 1-0

[Event "Late-Titled-Tuesday-Blitz-September-26-2023"]
[Site "Chess.com"]
[Date "2023.09.26"]
[Round "6"]
[White "cthake"]
[Black "Sacbutt"]
[Result "0-1"]
[WhiteElo "1894"]
[BlackElo "2267"]
[TimeControl "180+1"]
[EndTime "15:04:19 PDT"]
[Termination "Sacbutt won by resignation"]

1. e4 e6 2. d4 d5 3. Nc3 dxe4 4. Nxe4 Nd7 5. Nf3 Ngf6 6. Bg5 Be7 7. Bd3 O-O 8.
Nxf6+ Nxf6 9. Qd2 b6 10. O-O-O Bb7 11. h4 Kh8 12. Kb1 Bxf3 13. gxf3 Qxd4 14. Bxf6 Bxf6 15. c3 Qd5 16. Qe2 Qe5 17. Be4 Rad8 18. Qc4 c5 19. Qe2 Qf4 20. Qc2 h6 21. h5 Bg5 22.
Rxd8 Rxd8 23. Rd1 Rd2 24. Rxd2 Qxd2 25. Qxd2 Bxd2 26. Kc2 Be1 27. b4 cxb4 28. cxb4 Bxb4 29. Kd3 Bc5 30. Ke2 Kg8 31. f4 Kf8 32. f5 e5 33.
f3 Ke7 34. Kd3 Kf6 35. a4 Kg5 36. Kc4 a5 37. Kd5 Bd4 38. Bd3 f6 39. Be4 Kxh5 40.
f4 Kg4 41. fxe5 Bxe5 42. Kc6 h5 43. Kxb6 Bc3 44. Kc6 Kf4 45. Bd3 h4 46. Kd7 h3 47. Bb5 h2 48. Bc6 Kxf5 49. Ke7 g5 50. Kf7 g4 51. Bh1 Bb4 52. Kg7 Kg5 53. Kf7 f5 54. Ke6 f4 55. Ke5 f3 56. Ke4 f2 57. Bg2 h1=Q 58. Bxh1 f1=Q 0-1